 Dungeon Crawl Stone Soup version 0.31-a0-726-g3c93526463 (webtiles) character file.

Game seed: 6353459903820333797

2100 CrazyBamboolord the Conjurer (level 9, -3/74 HPs)
             Began as a Grey Draconian Conjurer on Sept 11, 2023.
             Slain by an orc warrior
             ... wielding a +0 halberd
              (20 damage)
             ... in a bailey.
             The game lasted 00:19:44 (7862 turns).

CrazyBamboolord the Conjurer (DrCj)                 Turns: 7862, Time: 00:19:45

Health: -3/74      AC: 16    Str: 10    XL:     9   Next: 7%
Magic:  1/17       EV: 12    Int: 27    God:
Gold:   210        SH:  5    Dex:  5    Spells: 8/18 levels left

rFire   . . .        x - +8 whip of the Known World {speed, Int+4 Dex-4}
rCold   + . .        (no shield)
rNeg    . . .        (body armour unavailable)
rPois   .            u - +1 hat
rElec   .            f - +0 cloak
rCorr   .            a - +0 pair of gloves
SInv    .            h - +0 pair of boots
Will    .....        p - amulet of reflection
Stlth   ++           w - ring of protection from cold
HPRegen 0.32/turn    (no ring)
MPRegen 0.15/turn

%: reflection
@: no status effects
A: AC +12, amphibious, unfitting armour, cold-blooded
a: no special abilities


You were in a bailey.
You visited 2 branches of the dungeon, and saw 8 of its levels.
You also visited: Bailey.

You collected 210 gold pieces.

Inventory:

Hand Weapons
 x - the +8 whip of the Known World (weapon) {speed, Int+4 Dex-4}
   (You found it on level 6 of the Dungeon)

   Int+4:     It affects your intelligence (+4).
   Dex-4:     It affects your dexterity (-4).
Armour
 a - a +0 pair of gloves (worn)
 f - a +0 cloak (worn)
 h - a +0 pair of boots (worn)
 u - a +1 hat (worn)
Magical Staves
 l - a staff of fire
Jewellery
 p - an amulet of reflection (around neck)
 w - a ring of protection from cold (left hand)
Wands
 q - a wand of digging (2)
 y - a wand of flame (1) (quivered)
Scrolls
 b - a scroll of poison
Potions
 c - a potion of attraction {unknown}
 e - 2 potions of mutation {unknown}
 g - a potion of ambrosia
 m - a potion of heal wounds {unknown}
 n - a potion of invisibility {unknown}
 s - 2 potions of haste {unknown}
 t - a potion of experience {unknown}
 v - 2 potions of cancellation {unknown}


   Skills:
 - Level 5.0 Fighting
 - Level 5.0 Dodging
 - Level 3.0 Stealth
 * Level 5.4 Spellcasting
 * Level 7.3 Conjurations
 * Level 3.6 Hexes


You had 8 spell levels left.
You knew the following spells:

 Your Spells              Type           Power      Damage    Failure   Level
a - Magic Dart            Conj           100%       1d8       1%          1
b - Searing Ray           Conj           94%        2d7       1%          2
c - Dazzling Flash        Conj/Hex       74%        N/A       2%          3
d - Fulminant Prism       Conj/Hex       18%        3d10      7%          4

Your spell library contained the following spells:

 Spells                   Type           Power      Damage    Failure   Level
 Shock                    Conj/Air       100%       1d9       1%          1
 Sublimation of Blood     Necr           7%         N/A       11%         2
 Wereblood                Tmut           7%         N/A       11%         2
 Cause Fear               Hex            13%        N/A       16%         4
 Iskenderun's Mystic Bla  Conj/Tloc      27%        2d7       16%         4
 Frozen Ramparts          Ice            14%        1d3       21%         3
 Swiftness                Air            7%         N/A       21%         3
 Anguish                  Hex/Necr       8%         N/A       32%         4
 Airstrike                Air            3%         2d(1-17)  56%         4
 Petrify                  Tmut/Erth      7%         N/A       56%         4
 Metabolic Englaciation   Hex/Ice        8%         N/A       65%         5
 Enfeeble                 Hex            13%        N/A       100%        7
 Summon Hydra             Summ           3%         N/A       100%        7


Dungeon Overview and Level Annotations

Branches:
Dungeon (7/15)             Temple (1/1) D:5          Bailey (1/1)

Altars:
Dithmenos
Elyvilon
Fedhas
Gozag
Hepliaklqana
Kikubaaqudgha
Makhleb
Nemelex Xobeh
Ru
Trog
Wu Jian
Xom
Yredelemnul
The Shining One

Shops:
D:5 [


Innate Abilities, Weirdness & Mutations

Your dull iron-grey scales are very hard. (AC +12)
You are amphibious.
You cannot fit into any form of body armour.
You are cold-blooded and may be slowed by cold attacks.


Message History

Confirm with . or Enter, or press ? or * to list all spells.
Aiming: Searing Ray (safe; 1% risk of failure)
Press: ? - help, Shift-Dir - straight line, f/p - orc warrior
Aim: an orc warrior, wielding a +0 trident and wearing a +0 chain mail (severely wounded, strong, 80% to hit)
The searing ray misses the orc warrior.
The searing ray hits the orc warrior!
You kill the orc warrior! (Press . to maintain the ray.)
The orc warrior misses you.
The searing ray misses the orc warrior.
You block the orc warrior's attack.
The searing ray hits the orc warrior.
The orc warrior is moderately wounded.
The orc warrior closely misses you.
The searing ray hits the orc warrior!
The orc warrior is heavily wounded.
You finish channelling your searing ray.
The orc warrior closely misses you.
You feel better. You block the orc warrior's attack.
Aiming: Throw Flame
Press: ? - help, Q - select action, (/) - cycle Shift-Dir - straight line, f - orc warrior
Aim: an orc warrior, wielding a +0 halberd and wearing a +2 plate armour of cold resistance (heavily wounded, strong, 68% to hit)
The puff of flame misses the orc warrior.
You block the orc warrior's attack.
Aiming: Throw Flame
Press: ? - help, Q - select action, (/) - cycle Shift-Dir - straight line, f/p - orc warrior
Aim: an orc warrior, wielding a +0 halberd and wearing a +2 plate armour of cold resistance (heavily wounded, strong, 68% to hit)
The puff of flame hits the orc warrior but does no damage.
The orc warrior is heavily wounded.
The orc warrior hits you from afar with a +0 halberd!
* * * LOW HITPOINT WARNING * * *
Aiming: Throw Flame
Press: ? - help, Q - select action, (/) - cycle Shift-Dir - straight line, f/p - orc warrior
Aim: an orc warrior, wielding a +0 halberd and wearing a +2 plate armour of cold resistance (heavily wounded, strong, 68% to hit)
The puff of flame hits the orc warrior.
The orc warrior is severely wounded.
The orc warrior hits you from afar with a +0 halberd!
* * * LOW HITPOINT WARNING * * *
You feel better. The orc warrior closely misses you.
You feel better.
The orc warrior hits you from afar with a +0 halberd!!
You die...

#.~).##...# #.$.# #.~)..##.##
§≈..... ##.## ##.)~..#+#
≈...⌠.. #'#. #∩.~~..# ...⌠∩⌠.
#'#. #.~~..## ≈§o)...≈ # ##
#.~..## .≈≈≈§§≈ # #.~.##
.o...§
#.~.#########'###'###########
#.~.........@##.....##.......
#.~~~~~~~~)~..##.∩.##..~~~~~~
#..........~~..## ##..~~.....
##########..~~..###..~~..####
##..~~...).~~..##
##..~~~~~~~..## ##.........##
###########


You could see an orc knight and an orc warrior (strong).

Vanquished Creatures
  A wyvern (D:7)
  3 orc warriors
  An ice beast (D:5)
  A sky beast (D:6)
  An ogre (D:6)
  3 black bears (D:5)
  A gnoll sergeant (D:5)
  A bullfrog (D:7)
  4 scorpions
  3 jellies
  An orc priest (D:6)
  2 hounds
  2 iguanas
  2 sleepcaps
  Terence (D:2)
  Natasha (thrice) (D:2)
  2 orc wizards
  14 gnolls
  3 adders (D:5)
  A shadow imp (D:5)
  A white imp (D:5)
  2 ufetubi (D:5)
  2 worms
  2 dart slugs (D:2)
  28 orcs
  4 endoplasms
  3 giant cockroaches
  8 goblins
  4 hobgoblins
  8 jackals
  8 kobolds
  5 ball pythons
  6 bats
  4 frilled lizards
  3 rats (D:3)
138 creatures vanquished.

Vanquished Creatures (others)
  A fulminant prism (Bailey)
1 creature vanquished.

Grand Total: 139 creatures vanquished

Notes
Turn   | Place    | Note
-------+----------+-------------------------------------------
     0 | D:1      | CrazyBamboolord the Draconian Conjurer began the quest for
                  | the Orb.
     0 | D:1      | Reached XP level 1. HP: 14/14 MP: 3/3
   287 | D:1      | Reached XP level 2. HP: 20/20 MP: 1/5
   880 | D:2      | Noticed Terence
   906 | D:2      | Killed Terence
   907 | D:2      | Reached XP level 3. HP: 9/27 MP: 0/6
   991 | D:2      | Learned a level 2 spell: Searing Ray
  1419 | D:2      | Noticed Natasha
  1444 | D:2      | Killed Natasha
  1445 | D:2      | Reached skill level 5 in Conjurations
  1445 | D:2      | Reached XP level 4. HP: 18/34 MP: 4/7
  2037 | D:2      | Noticed Natasha
  2042 | D:2      | Killed Natasha
  2043 | D:2      | Reached skill level 1 in Fighting
  2087 | D:2      | Noticed Natasha
  2093 | D:2      | Killed Natasha
  2370 | D:2      | Learned a level 3 spell: Dazzling Flash
  2471 | D:3      | Reached XP level 5. HP: 40/40 MP: 6/9
  3353 | D:4      | Reached XP level 6. HP: 48/48 MP: 5/10
  4660 | D:5      | Entered Level 5 of the Dungeon
  4727 | D:5      | Your scales start taking on a dull iron-grey colour.
  4727 | D:5      | Reached XP level 7. HP: 56/56 MP: 7/12
  4942 | D:5      | Reached skill level 6 in Conjurations
  5054 | D:5      | Found a sacrificial altar of Ru.
  5113 | D:5      | Found Fats's Antique Armour Shoppe.
  5142 | D:5      | Reached skill level 1 in Hexes
  5267 | D:5      | Found a burning altar of Makhleb.
  5342 | D:5      | Found a staircase to the Ecumenical Temple.
  5373 | Temple   | Entered the Ecumenical Temple
  5414 | D:5      | Reached XP level 8. HP: 20/66 MP: 0/14
  5928 | D:5      | Learned a level 4 spell: Fulminant Prism
  6435 | D:6      | Identified the +8 whip of the Known World {speed, Int+4
                  | Dex-4}
  6713 | D:6      | Found an opulent altar of Gozag.
  6935 | D:6      | Found a bloodstained altar of Trog.
  7016 | D:6      | Reached skill level 7 in Conjurations
  7267 | D:7      | Reached skill level 5 in Fighting
  7267 | D:7      | Reached skill level 5 in Spellcasting
  7310 | D:7      | Reached skill level 5 in Dodging
  7329 | D:7      | Found a flagged portal.
  7334 | Bailey   | Entered a bailey
  7411 | Bailey   | Reached XP level 9. HP: 57/74 MP: 1/16
  7788 | Bailey   | Noticed an orc knight
  7862 | Bailey   | Slain by an orc warrior

Illustrated notes

Levels and vault maps discovered:
D:1:      shiori_shiawase, layout_basic
D:2:      layout_loops_corners, minmay_puff, uniq_terence, uniq_natasha
D:3:      layout_rooms
D:4:      layout_loops_ring, dreamdust_gnoll_farm
D:5:      layout_rooms, nicolae_ru_awakened_eye, bloody_makhleb,
          minmay_temple_entry_tees, serial_shops, shop, grunt_tough_drop
D:6:      layout_cave_pods, lightli_temple_of_fire, grunt_gozag_statues
D:7:      layout_loops_corners, enter_bailey_3
Temple:   hellmonk_temple_flake
Bailey:   bailey_polearm_1, bailey

Skill      XL: |  1  2  3  4  5  6  7  8 |
---------------+-------------------------+-----
Dodging        | 2 3 4 5 |  5.0
Conjurations   | 5 6 7 |  7.3
Fighting       | 1 2 3 5 |  5.0
Stealth        | 2 3 |  3.0
Spellcasting   | 3 4 5 |  5.4
Hexes          | 1 3 |  3.6

Action                     |  1- 3 |  4- 6 |  7- 9 || total
---------------------------+-------+-------+-------++-------
  Melee: Unarmed           |    17 |       |       ||    17
         Tailslap          |     4 |     2 |     8 ||    14
         Falchion          |    14 |       |       ||    14
         Whip              |       |    16 |    45 ||    61
   Cast: Magic Dart        |    54 |   155 |   135 ||   344
         Searing Ray       |       |     4 |    37 ||    41
         Fulminant Prism   |       |       |     1 ||     1
  Evoke: Wand              |       |       |     8 ||     8
    Use: Scroll            |     3 |     2 |     6 ||    11
         Potion            |     3 |       |     4 ||     7
 Armour: Skin              |    39 |    24 |    73 ||   136
  Dodge: Dodged            |    44 |    21 |    70 ||   135
  Block: Other             |       |     9 |    20 ||    29
         Reflection        |       |     2 |     1 ||     3

Table legend: (Time is in decaauts)
 A = Elapsed time spent in this place.
 B = Non-inter-level travel time spent in this place.
 C = Inter-level travel time spent in this place.
 D = Time resting spent in this place.
 E = Time spent auto-exploring this place.
 F = Levels seen in this place.
 G = Mean time per level.
                   A        B        C        D        E       F      G
               +--------+--------+--------+--------+--------+-----+--------+
         Total |   7882 |   7621 |    261 |    488 |   5900 |   9 |  875.8 |
       Dungeon |   7354 |   7093 |    261 |    257 |   5800 |   7 | 1050.6 |
        Temple |      1 |      1 |      0 |      0 |      0 |   1 |    1.0 |
        Bailey |    525 |    525 |      0 |    231 |    100 |   1 |  525.0 |
               +--------+--------+--------+--------+--------+-----+--------+

Top non-repeatable levels by time:
     D:2: 1594 daAuts
     D:4: 1325 daAuts
     D:6: 1294 daAuts
     D:5: 1292 daAuts
     D:3: 919 daAuts
     D:1: 837 daAuts
  Bailey: 525 daAuts
     D:7: 90 daAuts
  Temple: 1 daAuts
